 Dungeon Sprint DCSS version 0.21-a0-297-ga3d34c2 (webtiles) character file.

480 potatolord6000 the Martial Artist (level 7, 0/56 HPs)
             Began as a Gnoll Transmuter on Sept 28, 2017.
             Was a Priest of Sif Muna.
             Succumbed to a water moccasin's poison
             ... in the Dungeon (Sprint VII: "The Pits").
             The game lasted 00:02:31 (353 turns).

potatolord6000 the Martial Artist (Gnoll Transmuter) Turns: 353, Time: 00:02:32

Health: 0/56       AC:  2    Str: 15    XL:     7   Next: 11%
Magic:  17/17      EV: 16    Int: 15    God:    Sif Muna [***...]
Gold:   0          SH:  0    Dex: 15    Spells: 18/19 levels left

rFire    . . .     SeeInvis .     - Unarmed
rCold    . . .     Gourm    .   (no shield)
rNeg     . . .     Faith    .   b - +0 robe
rPois    .         Spirit   .   (no helmet)
rElec    .         Reflect  .   (no cloak)
rCorr    .         Harm     .   (no gloves)
MR       .....     NoTele   +   (no boots)
Stlth    +++.......             (no amulet)
HPRegen  0.18/turn              (no ring)
MPRegen  0.15/turn              (no ring)

@: lethally poisoned (0 -> -10), berserk cooldown, very slightly contaminated
A: distributed training, fangs 1, strong nose
a: Divine Energy, Channel Magic, Renounce Religion


You were in the Dungeon.
You worshipped Sif Muna.
Sif Muna was most pleased with you.
You were not hungry.

You visited 1 branch

Inventory:

Missiles
 a - 12 arrows
Armour
 b - a +0 robe (worn)
Scrolls
 l - 3 scrolls of remove curse
 m - 5 scrolls of amnesia
Potions
 e - 5 potions of curing
 f - a potion of heal wounds
 g - a potion of haste
 h - 4 potions of magic
 i - a potion of berserk rage
 k - 2 potions of invisibility
Books
 c - a book of Changes

   Spells                             Type                      Level
   a - Beastly Appendage              Transmutation                1
   b - Sticks to Snakes               Transmutation                2
   c - Spider Form                    Transmutation/Poison         3
   d - Ice Form                       Ice/Transmutation            4
   e - Blade Hands                    Transmutation                5
Comestibles
 d - 8 bread rations
 o - 40 fruits
 p - 7 meat rations


   Skills:
 + Level 5.4 Fighting
 + Level 4.8 Short Blades
 + Level 5.1 Long Blades
 + Level 4.5 Axes
 + Level 4.8 Maces & Flails
 + Level 4.5 Polearms
 + Level 5.4 Staves
 + Level 5.4 Slings
 + Level 5.0 Bows
 + Level 5.4 Crossbows
 + Level 5.0 Throwing
 + Level 5.0 Armour
 + Level 6.8 Dodging
 + Level 4.8 Stealth
   Level 0.0 Stabbing
 + Level 5.0 Shields
   Level 0.0 Traps
 + Level 8.1 Unarmed Combat
 + Level 6.9 Spellcasting
 + Level 4.5 Conjurations
 + Level 5.0 Hexes
 + Level 4.7 Charms
 + Level 4.4 Summonings
 + Level 5.8 Necromancy
 + Level 5.0 Translocations
 + Level 7.1 Transmutations
 + Level 4.4 Fire Magic
 + Level 4.5 Ice Magic
 + Level 5.1 Air Magic
 + Level 5.1 Earth Magic
 + Level 4.7 Poison Magic
 + Level 4.8 Invocations
 + Level 4.5 Evocations


You had 18 spell levels left.
You knew the following spells:

 Your Spells              Type           Power        Failure   Level  Hunger
a - Beastly Appendage     Tmut           ####..       1%          1    None


Dungeon Overview and Level Annotations

Branches:
Dungeon (1/1)

Altars:
Ashenzari
Cheibriados
Dithmenos
Elyvilon
Fedhas
Gozag
Hepliaklqana
Kikubaaqudgha
Makhleb
Nemelex Xobeh
Okawaru
Qazlal
Ru
Sif Muna
Trog
Uskayaw
Vehumet
Wu Jian
Xom
Yredelemnul
Zin
The Shining One
Beogh
Jiyva
Lugonu


Innate Abilities, Weirdness & Mutations

Your experience applies equally to all skills.
You have very sharp teeth.
Your uncanny sense of smell can sniff out nearby items.


Message History

Unknown command.
You punch the water moccasin! You bite the water moccasin.
The water moccasin is heavily wounded.
* * * LOW HITPOINT WARNING * * *
You feel sick.
The water moccasin completely misses you.
Unknown command.
Unknown command.
You barely miss the water moccasin.
The water moccasin is heavily wounded.
* * * LOW HITPOINT WARNING * * *
You feel sick. The water moccasin misses you. x2
You hit the water moccasin.
The water moccasin is severely wounded.
* * * LOW HITPOINT WARNING * * *
You feel sick. The water moccasin barely misses you.
Unknown command.
You barely miss the water moccasin.
The water moccasin is severely wounded.
You die...

########### _________.#
_________.#
_______...###########++
##########'##...........
#.?(.')))'.##......#..#.
##########.##...........
#....5..ooWS@...........
#'#####'#####......#..#.
#.#..#..#†.##...........
#o#.÷'(.'.†#####'#####++
#.##+####'###.......#
#.#.....)†.##.......#
#.#........##.......#
#W#####'#####...<...#
#)#..[)))..##.......#


You could see a phantom, a water moccasin, a crimson imp and 2 orcs.

Vanquished Creatures
  A deep elf mage (D)
  An orc priest (D)
  An iguana (D)
  A worker ant (D)
  3 leopard geckos (D)
  A giant cockroach (D)
  A goblin (D)
  A hobgoblin (D)
  2 quokkas (D)
  A kobold (D)
13 creatures vanquished.

Notes
Turn   | Place    | Note
-------+----------+-------------------------------------------
     0 | D        | potatolord6000 the Gnoll Transmuter began the quest for the Orb.
     0 | D        | Reached XP level 1. HP: 17/17 MP: 6/6
    14 | D        | Reached skill level 1 in Staves
    14 | D        | Reached skill level 1 in Slings
    14 | D        | Reached skill level 1 in Shields
    14 | D        | Reached skill level 1 in Necromancy
    42 | D        | Found a bloodstained altar of Trog.
    42 | D        | Found a deep blue altar of Sif Muna.
    42 | D        | Found a viscous altar of Jiyva.
    42 | D        | Found a hazy altar of Hepliaklqana.
    42 | D        | Found an opulent altar of Gozag.
    43 | D        | Found a glowing golden altar of the Shining One.
    43 | D        | Found a glowing silver altar of Zin.
    43 | D        | Found a basalt altar of Yredelemnul.
    43 | D        | Found a shimmering altar of Xom.
    43 | D        | Found an ornate altar of the Wu Jian Council.
    43 | D        | Found a sacrificial altar of Ru.
    43 | D        | Found a stormy altar of Qazlal.
    43 | D        | Found an iron altar of Okawaru.
    43 | D        | Found a sparkling altar of Nemelex Xobeh.
    43 | D        | Found a burning altar of Makhleb.
    43 | D        | Found a blossoming altar of Fedhas.
    43 | D        | Found a white marble altar of Elyvilon.
    43 | D        | Found a shadowy altar of Dithmenos.
    43 | D        | Found a snail-covered altar of Cheibriados.
    45 | D        | Found a radiant altar of Vehumet.
    45 | D        | Found a corrupted altar of Lugonu.
    45 | D        | Found a roughly hewn altar of Beogh.
    48 | D        | Found a shattered altar of Ashenzari.
    48 | D        | Found an ancient bone altar of Kikubaaqudgha.
    48 | D        | Found a hide-covered altar of Uskayaw.
    50 | D        | Became a worshipper of Sif Muna the Loreminder
    67 | D        | Reached skill level 1 in Bows
    76 | D        | Reached skill level 1 in Ice Magic
    76 | D        | Reached skill level 1 in Earth Magic
    77 | D        | Reached skill level 1 in Short Blades
    77 | D        | Reached skill level 1 in Throwing
    89 | D        | Reached skill level 1 in Maces & Flails
    89 | D        | Reached skill level 1 in Crossbows
    89 | D        | Reached skill level 1 in Translocations
    89 | D        | Reached XP level 2. HP: 14/23 MP: 7/7
    90 | D        | Reached skill level 1 in Air Magic
    90 | D        | Reached skill level 1 in Evocations
   221 | D        | Reached * piety under Sif Muna
   221 | D        | Reached skill level 1 in Conjurations
   225 | D        | Reached skill level 1 in Fire Magic
   226 | D        | Reached skill level 1 in Long Blades
   226 | D        | Reached skill level 1 in Axes
   226 | D        | Reached skill level 1 in Polearms
   226 | D        | Reached skill level 1 in Armour
   226 | D        | Reached skill level 5 in Spellcasting
   226 | D        | Reached skill level 1 in Hexes
   226 | D        | Reached skill level 1 in Charms
   226 | D        | Reached skill level 1 in Summonings
   226 | D        | Reached skill level 5 in Transmutations
   226 | D        | Reached skill level 1 in Invocations
   226 | D        | Reached XP level 3. HP: 28/28 MP: 6/9
   301 | D        | Noticed a deep elf mage
   305 | D        | Noticed a phantom
   308 | D        | Noticed a red devil
   311 | D        | Killed a deep elf mage
   311 | D        | Reached ** piety under Sif Muna
   311 | D        | Reached *** piety under Sif Muna
   311 | D        | Reached skill level 5 in Fighting
   311 | D        | Reached skill level 5 in Staves
   311 | D        | Reached skill level 5 in Slings
   311 | D        | Reached skill level 5 in Bows
   311 | D        | Reached skill level 5 in Shields
   311 | D        | Reached skill level 8 in Unarmed Combat
   311 | D        | Reached skill level 5 in Necromancy
   311 | D        | Reached skill level 5 in Translocations
   311 | D        | Reached skill level 5 in Air Magic
   311 | D        | Reached skill level 5 in Earth Magic
   311 | D        | Reached XP level 4. HP: 32/39 MP: 9/12
   311 | D        | Reached XP level 5. HP: 37/44 MP: 10/14
   311 | D        | Reached XP level 6. HP: 43/51 MP: 10/15
   314 | D        | Noticed a water moccasin
   315 | D        | Reached skill level 5 in Long Blades
   315 | D        | Reached skill level 5 in Crossbows
   315 | D        | Reached XP level 7. HP: 48/56 MP: 11/17
   317 | D        | Reached skill level 5 in Throwing
   317 | D        | Reached skill level 5 in Armour
   317 | D        | Reached skill level 5 in Hexes
   350 | D        | HP: 2/56 [poisoned by a water moccasin]
   353 | D        | Succumbed to a water moccasin's poison

Vault maps used:
D:        pitsprint

Skill      XL: |  1  2  3  4  5  6  7 |
---------------+----------------------+-----
Staves         | 1 2 5 |  5.4
Slings         | 2 5 |  5.4
Shields        | 2 5 |  5.0
Necromancy     | 2 5 |  5.8
Bows           | 1 2 5 |  5.0
Ice Magic      | 1 4 |  4.5
Earth Magic    | 1 2 5 |  5.1
Short Blades   | 1 2 4 |  4.8
Throwing       | 1 2 4 5 |  5.0
Maces & Flails | 1 2 4 |  4.8
Crossbows      | 1 2 4 5 |  5.4
Translocations | 1 2 5 |  5.0
Air Magic      | 2 5 |  5.1
Evocations     | 1 4 |  4.5
Conjurations   | 1 4 |  4.5
Fire Magic     | 1 4 |  4.4
Long Blades    | 1 4 5 |  5.1
Axes           | 1 4 |  4.5
Polearms       | 1 4 |  4.5
Armour         | 1 4 5 |  5.0
Stealth        | 2 4 |  4.8
Spellcasting   | 5 6 |  6.9
Hexes          | 1 4 5 |  5.0
Charms         | 1 4 |  4.7
Summonings     | 1 4 |  4.4
Transmutations | 5 7 |  7.1
Invocations    | 1 4 |  4.8
Fighting       | 5 |  5.4
Dodging        | 6 |  6.8
Unarmed Combat | 8 |  8.1
Poison Magic   | 4 |  4.7

Action                   |  1- 3 |  4- 6 |  7- 9 || total
-------------------------+-------+-------+-------++-------
Melee: Unarmed           |    23 |     2 |    16 ||    41
       Headbutt          |     6 |       |     3 ||     9
       Bite              |     1 |       |     2 ||     3
       Punch             |       |       |     1 ||     1
 Cast: Beastly Appendage |     4 |       |       ||     4
  Use: Potion            |     3 |       |     5 ||     8
       Scroll            |       |       |     2 ||     2
 Stab: Sleeping          |     2 |       |       ||     2
Armor: Robe              |     1 |       |     4 ||     5
Dodge: Dodged            |    15 |     1 |    32 ||    48

Table legend:
 A = Spawn XP
 B = Non-spawn XP
 C = Spawn XP percentage of total XP
 D = Spawn monster count
 E = Non-spawn monster count
 F = Spawn count percentage of total count
 G = Total turns spent on level
                    A         B        C        D         E        F      G
               +---------+---------+-------+---------+---------+-------+---------
         Total |       0 |     686 |   0.0 |       0 |      13 |   0.0 |   353
               +---------+---------+-------+---------+---------+-------+---------
             D |       0 |     686 |   0.0 |       0 |      13 |   0.0 |   353
               +---------+---------+-------+---------+---------+-------+---------
